 Dungeon Crawl Stone Soup version 0.30.0-29-ga12c61a403 (webtiles) character file.

Game seed: 15377742405976860355

23805 foggy the Basher (level 12, -10/113 HPs)
             Began as a Minotaur Fighter on May 31, 2023.
             Was an Elder of the Shining One.
             Mangled by Rupert
             ... wielding a +1 antimagic battleaxe
              (15 damage)
             ... on level 3 of the Lair of Beasts on June 14, 2023.
             The game lasted 00:34:59 (12970 turns).

foggy the Basher (Minotaur Fighter)                Turns: 12970, Time: 00:34:59

Health: -10/113    AC: 14    Str: 29    XL:     12   Next: 75%
Magic:  0/11       EV: 15    Int:  5    God:    the Shining One [****..]
Gold:   936        SH: 10    Dex: 10    Spells: 11/11 levels left

rFire   . . .        D - +5 morningstar (freeze)
rCold   . . .        K - +0 kite shield
rNeg    + + .        j - +0 chain mail
rPois   .            (helmet restricted)
rElec   .            (no cloak)
rCorr   +            C - +1 pair of gloves {Str+3}
SInv    .            (no boots)
Will    .....        B - amulet of faith Stlth
                     f - ring of resist corrosion
HPRegen 0.38/turn    t - +5 ring of evasion
MPRegen 0.12/turn

%: faith
@: mighty, glowing
A: horns 2, retaliatory headbutt
a: Renounce Religion, Divine Shield, Cleansing Flame


You were on level 3 of the Lair of Beasts.
You worshipped the Shining One.
The Shining One was greatly pleased with you.
You visited 3 branches of the dungeon, and saw 15 of its levels.

You collected 936 gold pieces.

Inventory:

Hand Weapons
 a - a +1 war axe
 q - the +0 quarterstaff of the Ghost {heavy, rPois rF+ Int+3}
   (You found it on level 7 of the Dungeon)

   Int:       It affects your intelligence (+3).
   rF:        It protects you from fire.
   rPois:     It protects you from poison.
 D - a +5 morningstar of freezing (weapon)
Missiles
 b - 2 throwing nets (quivered)
Armour
 j - a +0 chain mail (worn)
 C - a +1 pair of gloves of strength (worn)
 K - a +0 kite shield (worn)
Jewellery
 c - a ring of fire
 f - a ring of resist corrosion (left hand)
 t - a +5 ring of evasion (right hand)
 y - a ring of ice
 A - a ring of protection from cold
 B - an amulet of faith (around neck)
Wands
 u - a wand of flame (8)
 z - a wand of polymorph (4)
 H - a wand of paralysis (4)
 I - a wand of mindburst (8)
Scrolls
 e - a scroll of fog
 g - 7 scrolls of teleportation
 p - 3 scrolls of blinking
 s - 2 scrolls of magic mapping
 w - a scroll of fear
 E - 2 scrolls of amnesia
 F - a scroll of enchant armour {unknown}
 G - a scroll of brand weapon
Potions
 d - 4 potions of might
 h - a potion of berserk rage {unknown}
 i - 4 potions of brilliance
 k - 2 potions of magic
 l - 5 potions of heal wounds
 m - 7 potions of cancellation
 n - 5 potions of curing
 o - 2 potions of lignification
 r - a potion of haste {unknown}
 v - 2 potions of mutation
 x - 2 potions of flight


   Skills:
 + Level 12.3 Fighting
 + Level 11.7(14.0) Axes
 + Level 12.7(14.5) Maces & Flails
 + Level 12.0 Armour
 + Level 4.9 Dodging
 + Level 1.9 Stealth
 + Level 9.3 Shields
 + Level 1.3 Evocations


You had 11 spell levels left.
You didn't know any spells.
Your spell library contained the following spells:

 Spells                   Type           Power      Damage    Failure   Level
 Kiss of Death            Conj/Necr      0%         2d5       95%         1
 Summon Small Mammal      Summ           0%         N/A       95%         1
 Blink                    Tloc           0%         N/A       99%         2
 Lesser Beckoning         Tloc           0%         N/A       99%         2
 Momentum Strike          Conj/Tloc      0%         3d8       99%         2
 Sublimation of Blood     Necr           0%         N/A       99%         2
 Call Canine Familiar     Summ           0%         N/A       100%        3
 Confusing Touch          Hex            0%         N/A       100%        3
 Frozen Ramparts          Ice            0%         1d1       100%        3
 Summon Guardian Golem    Hex/Summ       0%         N/A       100%        3
 Tukima's Dance           Hex            0%         N/A       100%        3
 Cause Fear               Hex            0%         N/A       100%        4
 Dispel Undead            Necr           0%         3d6       100%        4
 Ice Form                 Ice/Tmut       0%         N/A       100%        4
 Passage of Golubria      Tloc           0%         N/A       100%        4
 Petrify                  Tmut/Erth      0%         N/A       100%        4
 Summon Ice Beast         Ice/Summ       0%         N/A       100%        4
 Alistair's Intoxication  Tmut/Pois      0%         N/A       100%        5
 Borgnjor's Vile Clutch   Necr/Erth      0%         N/A       100%        5
 Irradiate                Conj/Tmut      0%         3d11      100%        5
 Summon Mana Viper        Hex/Summ       0%         N/A       100%        5
 Yara's Violent Unravell  Hex/Tmut       0%         3d3       100%        5
 Conjure Ball Lightning   Conj/Air       0%         3x3d6     100%        6
 Eringya's Noxious Bog    Tmut/Pois      0%         N/A       100%        6
 Dragon Form              Tmut           0%         N/A       100%        7
 Monstrous Menagerie      Summ           0%         N/A       100%        7
 Discord                  Hex            0%         N/A       100%        8
 Disjunction              Tloc           0%         N/A       100%        8
 Dragon's Call            Summ           0%         N/A       100%        9


Dungeon Overview and Level Annotations

Branches:
Dungeon (10/15)            Temple (0/1) D:7            Lair (4/5) D:10
  Swamp (1/4) Lair:2        Snake (0/4) Lair:2
  Slime: Lair:4-5       Orc: D:9-12

Altars:
Ashenzari
Cheibriados
Makhleb
Ru
Uskayaw
Zin
The Shining One

Shops:
D:8 :

Portals:
Trove: D:10 (give +2 shadow dragon scales)

Annotations:
Lair:3 Rupert


Innate Abilities, Weirdness & Mutations

You have a pair of horns on your head.
You reflexively headbutt those who attack you in melee.


Message History

Rupert roars madly and goes into a rage!
Rupert goes berserk!
A water moccasin comes into view.
Rupert hits you with a +1 antimagic battleaxe!!!!
You wake up.
Ouch! That really hurt!
* * * LOW HITPOINT WARNING * * *
You feel your power leaking away. You block Rupert's attack.
Press: ? - help, v - describe, . - travel
Here: Rupert, wielding a +1 antimagic battleaxe and wearing a +0 ring mail (berserk, haloed)
The floor.
Okay, then.
Blink to where?
Press: ? - help, Dir - move target
As you read the scroll of blinking, it crumbles to dust.
Rupert rages.
Rupert rages.
Rupert rages.
You see here a yak corpse.
Rupert attacks as you move away!
Rupert hits you with a +1 antimagic battleaxe!
* * * LOW HITPOINT WARNING * * *
You feel your power leaking away. Rupert barely misses you.
Okay, then.
There is a stone staircase leading up here.
Rupert hits you but does no damage. You block Rupert's attack.
You climb upwards.
There is a stone staircase leading down here.
You feel very mighty all of a sudden.
Rupert hits you with a +1 antimagic battleaxe!
* * * LOW HITPOINT WARNING * * *
You feel your power leaking away.
You barely miss Rupert. You headbutt Rupert!
Rupert is lightly wounded.
Rupert hits you with a +1 antimagic battleaxe!
* * * LOW HITPOINT WARNING * * *
Rupert hits you with a +1 antimagic battleaxe!
You die...

..####...........##..>#P.#.P.....
............#...##............#..
....#...........##P..............
.................#...............
.............................#...
................#.#.........#.#..
...............####........#.###.
.#..............##........#####..
.#..##..........@.........# ##.
.#..##..........@........## #.
.#..P#...................# #.
.....................P.### #.
................#.....P## #.
...###.#.......###......# ###.
PP.###.......### ####.### ##...
#P.P##.......# #.# #....
.............# ### #....


You could see Rupert (berserk).

Vanquished Creatures
  Gastronok (D:10)
  5 hydras
  Harold (D:10)
  A centaur warrior (D:9)
  A two-headed ogre (D:10)
  A deep elf pyromancer (D:10)
  5 torpor snails
  3 cane toads (Lair:2)
  4 komodo dragons
  A kobold demonologist (D:6)
  Psyche (D:8)
  8 blink frogs
  A troll (D:10)
  A tyrant leech (Lair:2)
  3 polar bears (Lair:2)
  2 hornets
  Grinder (D:3)
  A dream sheep (Lair:4)
  A basilisk (Lair:2)
  22 yaks
  6 wyverns
  A steam dragon (D:6)
  3 swamp worms (Lair:2)
  7 water moccasins
  A swamp drake (Swamp:1)
  3 sky beasts
  An ice beast (D:7)
  2 black bears
  2 ogres (D:5)
  11 wolves
  2 centaurs (D:9)
  A phantom (D:5)
  5 kobold brigands
  8 bullfrogs
  A scorpion (D:4)
  11 wights
  16 killer bees
  A howler monkey (D:8)
  3 electric eels (D:10)
  5 hounds
  6 orc priests
  3 sleepcaps
  4 iguanas
  5 orc wizards
  4 gnolls (D:2)
  8 adders
  2 shadow imps
  A white imp (D:7)
  An ufetubus (D:6)
  5 worms
  3 dart slugs
  28 orcs
  4 ball pythons
  5 bats
  7 endoplasms
  4 giant cockroaches
  9 goblins
  8 hobgoblins
  5 jackals (D:1)
  4 quokkas
  3 frilled lizards
  31 kobolds
  4 rats
308 creatures vanquished.

Vanquished Creatures (others)
  A steam dragon (D:9)
  3 kobolds (D:9)
4 creatures vanquished.

Grand Total: 312 creatures vanquished

Notes
Turn   | Place    | Note
-------+----------+-------------------------------------------
     0 | D:1      | foggy the Minotaur Fighter began the quest for the Orb.
     0 | D:1      | Reached XP level 1. HP: 19/19 MP: 0/0
   147 | D:1      | Reached XP level 2. HP: 24/27 MP: 1/1
   315 | D:1      | Found a faded altar of an unknown god.
   435 | D:1      | Reached XP level 3. HP: 24/33 MP: 2/2
  1136 | D:2      | Reached XP level 4. HP: 18/41 MP: 3/3
  2127 | D:3      | Reached XP level 5. HP: 41/47 MP: 4/4
  2453 | D:3      | Noticed Grinder
  2457 | D:3      | Paralysed by Grinder for 2 turns
  2464 | D:3      | Killed Grinder
  2465 | D:3      | Reached skill level 5 in Fighting
  2465 | D:3      | Reached skill level 5 in Axes
  2465 | D:3      | Reached skill level 5 in Armour
  2465 | D:3      | Reached XP level 6. HP: 30/56 MP: 5/5
  2566 | D:3      | Found a glowing golden altar of the Shining One.
  2573 | D:3      | Became a worshipper of the Shining One
  2853 | D:4      | Reached XP level 7. HP: 61/61 MP: 6/6
  3516 | D:5      | Entered Level 5 of the Dungeon
  3833 | D:5      | Reached skill level 5 in Shields
  4143 | D:6      | Reached XP level 8. HP: 69/71 MP: 7/7
  4186 | D:6      | Noticed a kobold demonologist
  4196 | D:6      | Noticed a smoke demon
  4196 | D:6      | Killed a kobold demonologist
  4196 | D:6      | Reached * piety under the Shining One
  4197 | D:6      | Reached skill level 1 in Dodging
  4763 | D:7      | Noticed a hornet
  4766 | D:7      | Paralysed by a hornet for 2 turns
  4773 | D:6      | Killed a hornet
  4929 | D:7      | Reached XP level 9. HP: 73/79 MP: 8/8
  4941 | D:7      | Identified the +0 quarterstaff of the Ghost {heavy, rPois
                  | rF+ Int+3}
  5132 | D:7      | Reached skill level 10 in Axes
  5218 | D:7      | Found a staircase to the Ecumenical Temple.
  5420 | D:7      | Found a hide-covered altar of Uskayaw.
  5683 | D:8      | Reached skill level 1 in Stealth
  5686 | D:8      | Found a sacrificial altar of Ru.
  5757 | D:8      | Found Wido's Tiny Tomes.
  5873 | D:8      | Reached ** piety under the Shining One
  5896 | D:8      | Noticed Psyche
  5907 | D:8      | Killed Psyche
  6739 | D:9      | Reached XP level 10. HP: 83/89 MP: 9/9
  6796 | D:9      | Reached skill level 1 in Maces & Flails
  6897 | D:9      | Noticed a centaur warrior
  6912 | D:9      | Killed a centaur warrior
  6913 | D:9      | Reached skill level 1 in Evocations
  7532 | D:9      | Found a glowing silver altar of Zin.
  7532 | D:9      | Found a burning altar of Makhleb.
  7533 | D:9      | Noticed a balrug
  7533 | D:9      | Noticed an angel
  7606 | D:10     | Entered Level 10 of the Dungeon
  7606 | D:10     | Found a portal to a secret trove of treasure.
  7617 | D:10     | Reached *** piety under the Shining One
  7820 | D:10     | Noticed Gastronok
  7842 | D:10     | Killed Gastronok
  8027 | D:10     | Found a broken altar of Ashenzari.
  8180 | D:10     | Reached XP level 11. HP: 59/99 MP: 10/10
  8213 | D:10     | Noticed a two-headed ogre
  8220 | D:10     | Reached skill level 10 in Fighting
  8235 | D:10     | Killed a two-headed ogre
  8498 | D:10     | Noticed Harold
  8504 | D:10     | Killed Harold
  8583 | D:10     | Found a staircase to the Lair.
  9069 | D:10     | Noticed a deep elf pyromancer
  9073 | D:10     | Killed a deep elf pyromancer
  9199 | Lair:1   | Entered Level 1 of the Lair of Beasts
  9391 | Lair:1   | Reached skill level 10 in Armour
  9544 | Lair:1   | Found a snail-covered altar of Cheibriados.
  9764 | Lair:1   | Reached skill level 10 in Maces & Flails
 10255 | Lair:1   | Upgraded the game from 0.30.0-19-g36f170ea60 to
                  | 0.30.0-29-ga12c61a403
 10456 | Lair:2   | Noticed a six-headed hydra
 10461 | Lair:2   | Killed a six-headed hydra
 10492 | Lair:2   | Reached **** piety under the Shining One
 10499 | Lair:2   | Reached XP level 12. HP: 60/110 MP: 11/11
 10819 | Lair:2   | Found a staircase to the Snake Pit.
 10819 | Lair:2   | Noticed an eight-headed hydra
 10827 | Lair:2   | Killed an eight-headed hydra
 10831 | Lair:2   | HP: 3/110 [tyrant leech (21)]
 10879 | Lair:2   | Noticed an eight-headed hydra
 11033 | Lair:2   | Killed an eight-headed hydra
 11777 | Lair:2   | Found a staircase to the Swamp.
 11797 | Swamp:1  | Entered Level 1 of the Swamp
 12149 | Lair:3   | Noticed a seven-headed hydra
 12156 | Lair:3   | Killed a seven-headed hydra
 12830 | Lair:4   | Identified the +0 ring mail of Slovenliness {Contam Harm
                  | rC+ Will+}
 12892 | Lair:4   | Noticed a five-headed hydra
 12899 | Lair:4   | Killed a five-headed hydra
 12948 | Lair:4   | Noticed Rupert
 12970 | Lair:3   | HP: 5/113 [Rupert/+1 antimagic battleaxe (14)]
 12970 | Lair:3   | Mangled by Rupert

Illustrated notes

Levels and vault maps discovered:
D:1:      dpeg_arrival_chambers_temple_mockup, layout_loops_ring,
          hellmonk_ecumenical_altar_run_dry
D:2:      minmay_alternating_diamond, layout_basic, nicolae_underground_beach
D:3:      layout_rooms, tso_altar, uniq_grinder
D:4:      layout_basic
D:5:      layout_rooms, grunt_ministairs_14
D:6:      layout_rooms, serial_corexii_hall, corexii_hall_statues_t,
          corexii_hall_statues_s
D:7:      cheibrodos_quashed, layout_rooms, nicolae_uskayaw_dance_studio,
          minmay_temple_entry_trees
D:8:      layout_layer_cave, nicolae_ru_awakened_eye, palyth_stone_intersect,
          nicolae_shop_i_like_small_books_too, uniq_psyche
D:9:      layout_rooms, grunt_temple_overflow_order_and_chaos_2,
          lemuel_flamethrower_1
D:10:     layout_gridville, mainiacjoe_overflow_paths, erik_lair_island,
          enter_trove_1, corexii_corridor_pit, uniq_gastronok, uniq_harold
Lair:1:   layout_cave_pods, kennysheep_snail_temple
Lair:2:   layout_small_grid, palyth_hydra_swamp_entry, dummy_snake_entry,
          st_stairs_7
Lair:3:   layout_gridlike, chequers_serial_rivers_small_3, grunt_megastairs_5
Lair:4:   layout_roguey, slime_entry_1, lookout_lair_type, uniq_rupert
Swamp:1:  layout_basic_swamp, evilmike_swamp_ruin_house_6

Skill      XL: |  1  2  3  4  5  6  7  8  9 10 11 12 |
---------------+-------------------------------------+-----
Fighting       | 4 5 6 7 8 9 11 12 | 12.3
Armour         | 4 5 6 7 8 9 10 12 | 12.0
Axes           | 3 4 5 6 7 9 11 | 11.7
Shields        | 4 5 6 7 8 9 |  9.3
Dodging        | 1 2 3 4 |  4.9
Stealth        | 1 |  1.9
Maces & Flails | 6 10 12 | 12.7
Evocations     | 1 |  1.3

Action                     |  1- 3 |  4- 6 |  7- 9 | 10-12 || total
---------------------------+-------+-------+-------+-------++-------
  Melee: War axe           |    70 |    99 |   174 |       ||   343
         Headbutt          |     8 |    20 |    53 |   101 ||   182
         Morningstar       |       |       |    13 |   335 ||   348
  Evoke: Wand              |       |       |     3 |    10 ||    13
    Use: Scroll            |     2 |     3 |    10 |    10 ||    25
         Potion            |       |     2 |       |     3 ||     5
 Armour: Scale mail        |    14 |       |       |       ||    14
         Chain mail        |    24 |    56 |    74 |   161 ||   315
  Dodge: Dodged            |    36 |    52 |   146 |   256 ||   490
  Block: Buckler           |    10 |    27 |    54 |    97 ||   188
         Kite shield       |       |       |       |    34 ||    34
